AoeStats
← toomuchdog

Oasis

509268330Analyzed
3v3 RM · 7d ago on Sep 26, 2026· 47m 15s· 6 players
Game mode
Random Map
Map size
Normal (6 player)
Population
200
Speed
Normal
Resources
Standard
Victory
Conquest
Starting age
Dark Age
Ending age
Imperial Age
RankedLock teamsTeams togetherTeam positionsShared explorationLock speedFull tech treeHidden civsTurbo modeCheats
Victory
Defeat
🇺🇸 Bengalis · United States
1485
+9
🇺🇸 Magyars · United States
1369
+13
🇺🇸 Spanish · United States
1266
+17
🇨🇦 Danes · Canada
1369
-16
🇨🇦 Saxons · Canada
1281
-12
🇨🇦 Vikings · Canada
1268
-11
Bandit
11:38 Feudal Age
13:03 Double-Bit Axe
13:00 Horse Collar
15:36 Castle Age
15:22 Fletching
16:30 Bodkin Arrow
17:45 Wheelbarrow
17:36 Bow Saw
22:53 Bodkin Arrow
30:24 Imperial Age
28:16 Hand Cart
27:47 Town Watch
28:23 Loom
28:40 Padded Archer Armor
28:45 Heavy Plow
29:52 Leather Archer Armor
29:58 Ballistics
30:43 Gold Mining
30:53 Stone Mining
32:44 Chemistry
32:12 Bracer
32:31 Scale Barding Armor
32:36 Forging
32:30 Elite Elephant Archer
33:29 Husbandry
34:37 Chain Barding Armor
34:01 Siege Elephant
35:42 Ring Archer Armor
35:26 Bloodlines
34:36 Light Cavalry
37:23 Coinage
37:37 Plate Barding Armor
39:18 Banking
39:56 Two-Man Saw
39:28 Crop Rotation
41:20 Iron Casting
43:37 Blast Furnace
42:50 Caravan
44:21 Gold Shaft Mining
44:33 Paiks
45:06 Mahayana
45:46 Conscription
46:50 Elite Battle Elephant
izohc8ik
11:50 Feudal Age
10:24 Loom
16:25 Castle Age
21:07 Double-Bit Axe
23:43 Horse Collar
34:26 Bow Saw
34:09 Gold Mining
34:11 Stone Mining
37:00 Padded Archer Armor
38:09 Heavy Plow
38:49 Wheelbarrow
38:10 Town Watch
39:32 Stone Shaft Mining
39:18 Leather Archer Armor
40:15 Hand Cart
41:06 Scale Barding Armor
41:13 Forging
43:37 Iron Casting
43:23 Chain Barding Armor
43:06 Husbandry
43:17 Bloodlines
43:47 Stone Shaft Mining
46:12 Imperial Age
43:09 Light Cavalry
45:13 Town Patrol
48:25 Blast Furnace
48:01 Plate Barding Armor
46:48 Hussar
d34dm4n
7:04 Loom
10:05 Feudal Age
17:35 Fletching
19:24 Double-Bit Axe
24:59 Horse Collar
27:41 Castle Age
27:59 Padded Archer Armor
28:18 Scale Barding Armor
29:57 Chain Barding Armor
31:02 Bloodlines
31:53 Bow Saw
33:20 Bloodlines
33:45 Gold Mining
35:31 Bloodlines
35:48 Husbandry
42:34 Imperial Age
43:11 Wheelbarrow
43:53 Gold Shaft Mining
42:43 Cavalier
44:26 Plate Barding Armor
44:29 Hand Cart
45:20 Two-Man Saw
44:24 Heavy Plow
44:21 Paladin
44:49 Town Watch
twitch.tv/aceinspace93
6:37 Loom
9:42 Feudal Age
10:20 Man-at-Arms
10:48 Arson
13:14 Double-Bit Axe
13:38 Scale Mail Armor
13:50 Forging
21:49 Castle Age
20:42 Scale Mail Armor
21:34 Horse Collar
21:47 Gold Mining
22:02 Long Swordsman
22:28 Gambesons
23:15 Squires
30:20 Wheelbarrow
34:06 Hand Cart
34:31 Heavy Plow
36:59 Bow Saw
38:37 Fletching
39:02 Chain Mail Armor
45:56 Imperial Age
45:17 Iron Casting
44:54 Bodkin Arrow
toomuchdog
5:09 Loom
9:27 Feudal Age
10:31 Man-at-Arms
11:48 Double-Bit Axe
13:01 Arson
13:19 Scale Mail Armor
17:14 Forging
21:59 Castle Age
19:59 Fletching
21:09 Padded Archer Armor
22:50 Bodkin Arrow
23:23 Elite Skirmisher
27:28 Squires
28:05 Chain Mail Armor
28:25 Iron Casting
30:14 Wheelbarrow
31:46 Ballistics
30:50 Hamask
31:53 Leather Archer Armor
37:54 Gold Mining
37:55 Stone Mining
38:23 Town Watch
38:54 Hand Cart
42:53 Imperial Age
41:24 Horse Collar
42:02 Bow Saw
42:09 Masonry
42:42 Thumb Ring
43:44 Bracer
44:19 Ring Archer Armor
44:57 Chemistry
44:45 Conscription
44:10 Pikeman
44:48 Halberdier
Slicked Back Not Pushed
11:10 Feudal Age
10:03 Loom
16:36 Castle Age
14:59 Double-Bit Axe
15:08 Horse Collar
16:02 Gold Mining
16:28 Fletching
19:01 Crossbowman
19:41 Bodkin Arrow
19:21 Crossbowman
20:23 Padded Archer Armor
23:29 Leather Archer Armor
23:39 Bow Saw
23:45 Town Watch
25:55 Ballistics
32:42 Stone Mining
36:20 Imperial Age
34:40 Heavy Plow
36:21 Arbalester
37:02 Bracer
38:12 Chemistry
38:04 Ring Archer Armor
41:14 Bogsveigar
Connection lost

Rejoining the realm…

Still unreachable

The connection could not be restored.

Session expired

The server has moved on; the page needs a fresh start.